 Dungeon Crawl Stone Soup version 0.26.0-45-g9c1d065592 (webtiles) character file.

Game seed: 15640848979096630992

35 kaeus the Sneak (level 3, -9/26 HPs)
             Began as an Octopode Monk on Jan 27, 2021.
             Killed from afar by an orc wizard (10 damage)
             ... with a puff of frost
             ... on level 3 of the Dungeon.
             The game lasted 00:01:01 (1875 turns).

kaeus the Sneak (Octopode Monk)                     Turns: 1875, Time: 00:01:01

Health: -9/26      AC:  1    Str: 10    XL:     3   Next: 35%
Magic:  3/3        EV: 14    Int: 12    God:
Gold:   126        SH:  0    Dex: 15    Spells: 2/2 levels left

rFire    . . .     SeeInvis .   a - +0 short sword
rCold    . . .     Faith    .   (no shield)
rNeg     . . .     Spirit   .   (helmet restricted)
rPois    .         Reflect  .   (no amulet)
rElec    .         Harm     .   (no ring)
rCorr    .         Rampage  .   (no ring)
Will     .....                  (no ring)
Stlth    ++++......             (no ring)
HPRegen  0.08/turn              (no ring)
MPRegen  0.08/turn              (no ring)
                                (no ring)
                                (no ring)

@: no status effects
A: almost no armour, stealthy swim, amphibious, 8 rings, constrict 8, camouflage
1, gelatinous body 1
a: no special abilities


You were on level 3 of the Dungeon.
You visited 1 branch of the dungeon, and saw 3 of its levels.

You collected 126 gold pieces.

Inventory:

Hand Weapons
 a - a +0 short sword (weapon)
Wands
 m - a wand of digging (2)
Scrolls
 c - a scroll of identify {unknown}
 d - 3 scrolls of remove curse {unknown}
 e - a scroll of magic mapping {unknown}
 f - a scroll of blinking {unknown}
 g - a scroll of teleportation {unknown}
 h - 2 scrolls of amnesia {unknown}
 k - a scroll of noise {unknown}
Potions
 b - 2 potions of degeneration {unknown}
 i - a potion of might {unknown}
 j - 2 potions of brilliance {unknown}
 l - 3 potions of cancellation {unknown}


   Skills:
 + Level 3.3 Fighting
 + Level 3.2 Short Blades
 + Level 3.2 Dodging
 * Level 3.9 Stealth


You had 2 spell levels left.
You didn't know any spells.
Your spell library was empty.

Dungeon Overview and Level Annotations

Branches:
Dungeon (3/15)

Altars:
Ashenzari
Fedhas


Innate Abilities, Weirdness & Mutations

You cannot wear most types of armour.
You are very stealthy in the water. (Stealth+)
You are amphibious.
You can wear up to eight rings at the same time.
You can use your tentacles to constrict eight enemies at once.
Your skin changes colour to match your surroundings (Stealth+).
Your rubbery body absorbs attacks. (AC +1, EV +1)


Message History

You are too injured to fight recklessly!
Something completely misses you.
You are too injured to fight recklessly!
Something hits you.
* * * LOW HITPOINT WARNING * * *
You hear some strange, mumbled words.
A puff of frost appears from out of thin air!
The puff of frost misses you.
You are too injured to fight recklessly!
There is a strange disturbance nearby!
You take 5 damage, and have 4/26 hp.
You are too injured to fight recklessly!
There is a strange disturbance nearby!
You miss something. Something barely misses you.
You barely miss something. You squeeze something. Something hits you.
* * * LOW HITPOINT WARNING * * *
You hear some strange, mumbled words.
A puff of frost appears from out of thin air!
The puff of frost hits you!
You die...

#.#
##.#.##
#.#
##.#####
#.#
#......
#.#
#.#####
#.# #..#
#.#
#..####
#.#
#......
#.#
##.####
#@# #.#
# #{#
#.####
..?
#.....
#.#.#
######
#. .# #
#. ## #
#. # #.
# #


There were no monsters in sight!

Vanquished Creatures
  A dart slug (D:1)
  2 orcs (D:3)
  4 bats
  4 goblins (D:1)
  4 hobgoblins
  2 quokkas (D:3)
  A frilled lizard (D:1)
  8 kobolds
  2 rats
28 creatures vanquished.

Notes
Turn   | Place    | Note
-------+----------+-------------------------------------------
     0 | D:1      | kaeus the Octopode Monk began the quest for the Orb.
     0 | D:1      | Reached XP level 1. HP: 16/16 MP: 1/1
   123 | D:1      | Reached XP level 2. HP: 9/21 MP: 2/2
  1034 | D:1      | Found a broken altar of Ashenzari.
  1355 | D:2      | You fall into a shaft and drop 1 floor!
  1358 | D:3      | Reached XP level 3. HP: 26/26 MP: 3/3
  1428 | D:3      | Found a blossoming altar of Fedhas.
  1875 | D:3      | HP: 1/26 [something (4)]
  1875 | D:3      | Killed from afar by an orc wizard

Illustrated notes

Levels and vault maps discovered:
D:1:      dpeg_arrival_line_fractal, layout_rooms, corexii_corridor_pit,
          evilmike_ruin_ashenzari
D:2:      layout_rooms, nicolae_tso_swordbearing_angel, minmay_pentomino_s2,
          uniq_natasha
D:3:      layout_loops_ring, columned_hall_lemuel, fedhas_altar_1

Skill      XL: |  1 |
---------------+----+-----
Stealth        | 3 |  3.9
Fighting       | |  3.3
Short Blades   | |  3.2
Dodging        | |  3.2

Action                   || total
-------------------------++-------
Melee: Short sword       ||    55
       Constrict         ||    11
       Tentacles         ||     7
 Stab: Sleeping          ||     9
Armor: Skin              ||     2
Dodge: Dodged            ||    27
